Map: Ice and Chrome LE

Players

Arctur

  • Race: Terran Terran
  • Spawn Location: 1:00

GOStephano (Stephano) - Winner!

  • Race: Zerg Zerg
  • League: Grandmaster
  • Spawn Location: 7:00

Event: DreamHack SC2 Masters 2020 Fall

VOD

Have the link to the VOD?

Description

Time

  • Played on: Sept. 2, 2020, 3:01 p.m.
  • Length: 14:04

All games in this series

Show
View Real Time Build Order
Export as new Build Order

Arctur Terran 

Build Orders: Liberator Opening, Reaper Expand 

Get SALT Encoding   

  12  0:00  SCV  
  13  0:12  SCV  
  14  0:17  Supply Depot  
  14  0:24  SCV  
  15  0:38  SCV  
  15  0:40  Barracks  
  16  0:43  Refinery  
  16  0:50  SCV  
  17  1:03  SCV  
  18  1:15  SCV  
  19  1:27  Reaper, Orbital Command  
  20  1:41  Command Center  
  20  1:50  Supply Depot  
  20  1:52  SCV  
  21  1:59  Marine  
  22  2:04  SCV  
  23  2:10  Factory  
  23  2:17  SCV  
  23  2:21  Barracks Reactor  
  24  2:29  SCV  
  25  2:36  Refinery  
  25  2:41  SCV  
  26  2:53  SCV, Orbital Command  
  26  2:58  Starport  
  27  3:04  Hellion  
  27  3:05  Hellion  
  31  3:07  SCV, Barracks Tech Lab  
  31  3:12  Supply Depot  
  32  3:18  SCV  
  32  3:19  SCV  
  34  3:26  Hellion x2  
  38  3:30  SCV  
  38  3:31  SCV  
  40  3:36  Liberator  
  43  3:43  SCV x2  
  43  3:47  Hellion x2  
  49  3:55  SCV x2  
  51  3:57  Armory  
  51  4:01  Supply Depot  
  51  4:04  Marine  
  51  4:09  SCV x2  
  52  4:11  Hellion  
  54  4:23  SCV x2, Supply Depot  
  58  4:24  Liberator  
  58  4:30  Marine  
  60  4:40  SCV x2  
  60  4:41  Factory Tech Lab  
  60  4:42  Command Center  
  62  4:52  Marine  
  62  4:54  Stimpack  
  62  4:56  Barracks  
  63  5:00  SCV  
  63  5:04  SCV  
  63  5:05  Barracks  
  62  5:12  SCV  
  62  5:13  Engineering Bay  
  62  5:14  Engineering Bay, Marine  
  61  5:15  Siege Tank  
  61  5:16  SCV  
  61  5:17  Starport Reactor  
  66  5:24  SCV  
  66  5:25  Refinery x2  
  66  5:26  Hellion x3  
  66  5:27  Hellion x2  
  66  5:28  SCV, Supply Depot  
  68  5:36  SCV  
  68  5:40  SCV  
  69  5:43  Marine  
  69  5:49  SCV, Marine x2  
  73  5:52  SCV  
  74  6:01  SCV  
  74  6:04  SCV, Terran Infantry Weapons Level 1, Terran Infantry Armor Level 1  
  74  6:05  Orbital Command  
  74  6:07  Supply Depot, Starport Reactor  
  74  6:08  Marine x5  
  80  6:13  SCV, Barracks, Siege Tank  
  80  6:16  SCV  
  80  6:17  Barracks  
  85  6:25  Marine  
  85  6:26  SCV, Marine x4  
  91  6:34  Orbital Command  
  91  6:39  Combat Shield  
  83  6:41  SCV x2  
  83  6:43  Marine x4  
  83  6:44  Marine  
  83  6:45  Siege Tank  
  91  6:51  Medivac  
  91  6:52  Supply Depot  
  91  6:53  Medivac, Supply Depot  
  95  6:56  SCV x2  
  95  6:59  SCV  
  95  7:00  Supply Depot  
  98  7:01  Marine x3  
  98  7:04  Barracks Reactor x2  
  98  7:05  Supply Depot  
  98  7:06  Supply Depot  
  101  7:14  SCV x3, Marine x2  
  106  7:17  Siege Tank  
  109  7:26  SCV x3  
  112  7:32  Supply Depot x2  
  112  7:33  Barracks x2  
  112  7:36  Barracks  
  112  7:41  SCV  
  113  7:44  Marine x6  
  113  7:45  Marine x2  
  113  7:49  Siege Tank  
  121  7:53  Marine  
  121  7:57  Supply Depot  
  122  8:02  Marine x5  
  122  8:03  Marine x3  
  111  8:10  Marine  
  111  8:11  Supply Depot  
  112  8:16  Terran Infantry Armor Level 2, Terran Infantry Weapons Level 2  
  108  8:20  Marine x5  
  108  8:21  Marine x2  
  108  8:22  Barracks Reactor, Siege Tank  
  108  8:26  Barracks Reactor  
  118  8:27  Refinery  
  118  8:28  Barracks Reactor, Marine x2  
  120  8:38  Marine x5  
  120  8:39  Marine  
  126  8:45  Marine  
  126  8:46  Marine  
  128  8:49  Marine  
  128  8:54  Supply Depot, Siege Tank  
  132  8:55  Marine x2  
  132  8:56  Marine x3  
  132  8:57  Marine  
  132  9:00  Supply Depot, Marine x2  
  132  9:02  Medivac x2  
  142  9:03  Marine  
  142  9:04  Marine  
  142  9:05  Marine x4  
  150  9:11  Supply Depot  
  150  9:18  Marine x9  
  150  9:21  Marine  
  150  9:22  Marine  
  150  9:23  Marine x3  
  158  9:28  Marine  
  158  9:29  Siege Tank  
  162  9:35  Marine x2  
  162  9:36  Marine x3  
  167  9:43  Marine x2  
  167  9:45  Marine x2  
  171  9:46  Marine  
  171  9:49  Command Center  
  138  9:54  Marine x7  
  138  9:58  Marine  
  142  10:02  Siege Tank  
  142  10:04  Marine x3  
  142  10:05  Marine x2  
  128  10:16  Marine x2  
  128  10:17  Marine x7  
  131  10:32  Marine  
  131  10:33  Marine  
  131  10:34  Siege Tank  
  125  10:44  SCV x3  
  125  10:45  Refinery  
  125  10:49  Barracks Tech Lab  
  128  10:50  Barracks Tech Lab  
  128  10:53  Factory  
  128  10:54  Command Center  
  128  10:57  Liberator x2  
  134  11:06  Siege Tank  
  134  11:08  Ghost Academy, Barracks Tech Lab  
  137  11:11  Barracks Tech Lab  
  137  11:12  Terran Infantry Weapons Level 3  
  137  11:14  Terran Infantry Armor Level 3  
  137  11:17  Sensor Tower  
  137  11:35  Marine x6  
  137  11:36  Marauder  
  137  11:38  Siege Tank  
  146  11:51  Liberator x2  
  143  12:03  Factory Tech Lab  
  143  12:05  Ghost x2  
  143  12:06  Ghost x2  
  143  12:07  Marine x2  
  139  12:13  Siege Tank  
  142  12:15  Supply Depot  
  142  12:16  Supply Depot  
  142  12:18  Supply Depot  
  142  12:34  Ghost x2, Marine x4  
  142  12:35  Refinery  
  153  12:37  Planetary Fortress, Barracks Tech Lab  
  153  12:39  Refinery  
  150  12:56  Barracks Tech Lab  
  150  12:58  Sensor Tower  
  150  12:59  Sensor Tower  
  150  13:01  Marauder, Marine x2  
  150  13:02  Marine x4  
  158  13:13  Engineering Bay, Missile Turret  
  158  13:17  SCV x2  
  160  13:25  SCV  
  138  13:42  SCV x2  
  138  13:46  Marine x3  
Show
View Real Time Build Order
Export as new Build Order

GOStephano Zerg - Winner!

Build Orders: Hatch First, Lurkers 

Get SALT Encoding   

  12  0:00  Drone  
  13  0:12  Overlord  
  13  0:16  Drone  
  14  0:30  Drone x2  
  16  0:47  Hatchery  
  15  0:50  Drone  
  15  0:53  Drone  
  15  0:57  Drone  
  18  1:07  Extractor  
  17  1:12  Spawning Pool  
  17  1:16  Drone  
  17  1:18  Drone  
  18  1:27  Drone  
  19  1:38  Drone  
  20  1:49  Drone  
  21  1:59  Queen x2  
  21  2:00  Zergling x4  
  27  2:09  Drone  
  27  2:10  Overlord  
  28  2:31  Drone x3  
  28  2:35  Queen, Drone  
  34  2:43  Hatchery  
  33  2:45  Queen  
  33  2:49  Metabolic Boost  
  35  2:54  Overlord  
  35  2:58  Drone  
  37  3:12  Drone  
  37  3:13  Queen, Drone  
  37  3:14  Drone x3  
  37  3:15  Drone  
  44  3:20  Overlord  
  44  3:39  Drone x6  
  44  3:41  Queen  
  52  3:55  Zergling x6  
  54  3:56  Drone x3  
  54  4:00  Overlord  
  58  4:10  Overlord  
  58  4:13  Evolution Chamber  
  58  4:15  Evolution Chamber  
  58  4:17  Drone x2  
  58  4:18  Drone x3  
  58  4:19  Drone x2  
  58  4:20  Queen  
  58  4:23  Drone  
  66  4:26  Overlord  
  66  4:34  Extractor  
  66  4:35  Drone x2, Extractor  
  66  4:37  Spore Crawler  
  65  4:38  Zergling x2  
  66  4:46  Zergling x4, Zerg Melee Weapons Level 1, Zerg Ground Armor Level 1  
  66  4:47  Zergling x2  
  66  4:51  Zergling x10  
  71  5:00  Zergling x4  
  71  5:01  Zergling x2  
  73  5:07  Drone  
  73  5:12  Overlord  
  73  5:14  Drone x5  
  74  5:22  Overlord  
  74  5:28  Lair  
  74  5:31  Drone x3  
  74  5:32  Spore Crawler  
  74  5:33  Drone x2  
  78  5:45  Drone x3  
  78  5:47  Drone  
  80  5:50  Baneling Nest  
  80  5:51  Drone x9  
  86  6:02  Drone  
  85  6:04  Extractor x2  
  85  6:05  Zergling x2  
  85  6:06  Zergling x2  
  85  6:14  Drone  
  85  6:15  Hatchery, Drone  
  85  6:18  Drone x2  
  88  6:19  Drone  
  88  6:21  Hatchery  
  88  6:26  Zergling x2  
  88  6:28  Overlord  
  88  6:29  Overlord  
  89  6:34  Overlord  
  89  6:38  Zergling x2  
  89  6:39  Centrifical Hooks  
  89  6:40  Overlord, Zerg Ground Armor Level 2, Zerg Melee Weapons Level 2  
  89  6:47  Baneling x8  
  89  6:48  Zergling x2  
  89  6:49  Zergling x16  
  98  6:58  Drone x3, Extractor  
  98  6:59  Hydralisk Den, Drone  
  100  7:07  Pneumatized Carapace, Overseer  
  100  7:08  Zergling x10  
  100  7:09  Zergling x2  
  106  7:19  Zergling x10, Baneling  
  106  7:20  Baneling x6  
  106  7:22  Overlord x2  
  110  7:26  Zergling x2  
  110  7:29  Overlord  
  111  7:32  Zergling x12  
  117  7:39  Baneling x12  
  117  7:40  Zergling x2  
  117  7:41  Zergling x6  
  121  7:45  Zergling x10  
  126  7:56  Zergling x12  
  126  7:58  Hatchery  
  131  8:04  Drone x8  
  129  8:09  Infestation Pit  
  128  8:17  Drone x8  
  128  8:18  Extractor  
  128  8:19  Extractor  
  134  8:21  Spore Crawler  
  134  8:24  Muscular Augments  
  134  8:26  Hydralisk  
  133  8:27  Hydralisk  
  136  8:36  Hydralisk x3  
  136  8:37  Spore Crawler  
  136  8:41  Spore Crawler  
  132  8:51  Drone x10  
  132  8:52  Hive  
  132  8:55  Zergling x6  
  145  8:58  Overlord, Lurker Den  
  145  8:59  Overlord  
  144  9:06  Zergling x10  
  149  9:15  Zergling x14  
  156  9:22  Drone x3  
  157  9:31  Zergling x4  
  157  9:32  Zergling x12  
  157  9:33  Hatchery  
  157  9:35  Grooved Spines  
  164  9:39  Zergling x14  
  164  9:40  Hatchery  
  164  9:43  Baneling x13  
  153  9:53  Zergling x2  
  153  9:54  Zergling x20  
  153  9:59  Hydralisk x3  
  156  10:04  Lurker x2  
  156  10:05  Lurker x3  
  156  10:06  Seismic Spines  
  167  10:08  Baneling x12  
  167  10:09  Zergling x2  
  154  10:15  Zergling x14  
  154  10:17  Zergling x6  
  154  10:18  Zergling x2  
  154  10:20  Zergling x2  
  154  10:21  Zergling x4  
  160  10:32  Zergling x22  
  160  10:33  Zergling x8  
  160  10:35  Baneling x3  
  160  10:36  Baneling x5  
  160  10:46  Zerg Melee Weapons Level 3, Zerg Ground Armor Level 3  
  160  10:48  Baneling x2  
  160  10:49  Adrenal Glands  
  160  10:55  Spore Crawler x2, Lurker x2  
  160  10:57  Spire  
  160  10:59  Spire  
  160  11:04  Overseer  
  158  11:07  Hydralisk  
  158  11:08  Hydralisk x4  
  168  11:12  Adaptive Talons  
  168  11:18  Zergling x16  
  171  11:38  Zergling x24  
  182  11:53  Zergling x6  
  182  11:54  Zergling x2  
  184  11:55  Overlord x3  
  184  11:56  Overlord  
  183  12:16  Drone x8  
  183  12:17  Extractor  
  183  12:18  Drone x4  
  183  12:19  Overlord  
  183  12:20  Overlord x2, Extractor  
  183  12:21  Overlord x2  
  192  12:36  Ultralisk Cavern  
  190  12:38  Zergling x18  
  190  12:41  Burrow  
  199  13:01  Baneling x16  
  198  13:27  Hatchery  
  149  13:46  Zergling x8  
  149  13:47  Zergling x24  

Tags
 
Add a new tag
Caveats
  • Supply blocks, unpowered buildings, or Contaminate may cause inaccurate times.
  • Supply counts are checked every 10 seconds.